 Dungeon Sprint DCSS version 0.23.2-33-g5129a83184 (webtiles) character file.

Game seed: 16729282258765544697

445 Brecoman the Magician (level 7, -2/59 HPs)
             Began as a Gnoll Skald on July 18, 2019.
             Was an Initiate of Okawaru.
             Succumbed to Sonja's curare-tipped needle
             ... in the Dungeon (Sprint I: "Red Sonja").
             The game lasted 00:02:12 (543 turns).

Brecoman the Magician (Gnoll Skald)                  Turns: 543, Time: 00:02:13

Health: -2/59      AC:  3    Str: 16    XL:     7   Next: 3%
Magic:  17/17      EV: 15    Int: 15    God:    Okawaru [......]
Gold:   297        SH:  0    Dex: 14    Spells: 19/20 levels left

rFire    . . .     SeeInvis .   k - +0 scythe
rCold    . . .     Gourm    .   (shield currently unavailable)
rNeg     . . .     Faith    .   b - +0 leather armour
rPois    .         Spirit   .   (no helmet)
rElec    .         Reflect  .   (no cloak)
rCorr    .         Harm     .   (no gloves)
MR       .....     NoTele   +   (no boots)
Stlth    +++.......             (no amulet)
HPRegen  0.19/turn              (no ring)
MPRegen  0.15/turn              (no ring)

@: lethally poisoned (-2 -> -44), slowed, very slow
A: distributed training, fangs 1, strong nose
a: Renounce Religion


You were in the Dungeon.
You worshipped Okawaru.
Okawaru was noncommittal.
You were not hungry.

You visited 1 branch You collected 297 gold pieces.

Inventory:

Hand Weapons
 a - a +0 spear
 k - a +0 scythe (weapon)
Armour
 b - a +0 leather armour (worn)
Wands
 c - a wand of random effects (18)
Scrolls
 j - a scroll of blinking
Potions
 e - a potion of curing
 f - a potion of heal wounds
 g - a potion of haste
 h - 2 potions of magic
 i - a potion of berserk rage
 l - a potion of degeneration {unknown}
Comestibles
 d - a ration
 m - 2 chunks of flesh


   Skills:
 + Level 6.8 Fighting
 + Level 5.0 Short Blades
 + Level 5.0 Long Blades
 + Level 5.0 Axes
 + Level 5.0 Maces & Flails
 + Level 6.8 Polearms
 + Level 5.0 Staves
 + Level 5.0 Slings
 + Level 5.0 Bows
 + Level 5.0 Crossbows
 + Level 5.0 Throwing
 + Level 5.7 Armour
 + Level 6.8 Dodging
 + Level 5.0 Stealth
 + Level 5.0 Shields
 + Level 5.0 Unarmed Combat
 + Level 7.1 Spellcasting
 + Level 4.1 Conjurations
 + Level 4.1 Hexes
 + Level 6.9 Charms
 + Level 4.1 Summonings
 + Level 4.1 Necromancy
 + Level 4.1 Translocations
 + Level 4.1 Transmutations
 + Level 4.1 Fire Magic
 + Level 4.1 Ice Magic
 + Level 4.1 Air Magic
 + Level 4.1 Earth Magic
 + Level 4.1 Poison Magic
 + Level 5.5 Invocations
 + Level 5.0 Evocations


You had 19 spell levels left.
You knew the following spells:

 Your Spells              Type           Power        Failure   Level  Hunger
a - Infusion              Chrm           ####         1%          1    None

Your spell library contained the following spells:

 Spells                   Type           Power        Failure   Level  Hunger
 Song of Slaying          Chrm           ####....     1%          2    None
 Shroud of Golubria       Chrm/Tloc      ###.......   2%          2    None
 Regeneration             Chrm/Necr      ###.......   4%          3    ##.....
 Spectral Weapon          Hex/Chrm       ###.....     4%          3    ##.....


Dungeon Overview and Level Annotations

Branches:
Dungeon (1/1)

Altars:
Cheibriados
Dithmenos
Elyvilon
Fedhas
Gozag
Hepliaklqana
Kikubaaqudgha
Nemelex Xobeh
Okawaru
Qazlal
Ru
Sif Muna
Trog
Uskayaw
Vehumet
Wu Jian
Yredelemnul
Zin
The Shining One

Shops:
D ?

Annotations:
D Sonja


Innate Abilities, Weirdness & Mutations

Your experience applies equally to all skills.
You have very sharp teeth.
Your uncanny sense of smell can sniff out nearby items.


Message History

You have difficulty breathing.
You feel as though you will be slow longer.
Sonja shoots a curare-tipped needle.
The curare-tipped needle hits you.
You are lethally poisoned!
You have difficulty breathing.
* * * LOW HITPOINT WARNING * * *
You feel as though you will be slow longer.
Sonja shoots a curare-tipped needle.
The curare-tipped needle hits you.
You are more poisoned.
You have difficulty breathing.
* * * LOW HITPOINT WARNING * * *
You feel as though you will be slow longer.
You are too injured to fight recklessly!
Unknown command.
You are too injured to fight recklessly!
Attack whom?
Press: ? - help, Dir - move target cursor, f/p - Sonja
Aim: Sonja, wielding a -1 blowgun You reach to attack!
You miss Sonja.
You die...

################
#<.#..').#.['..#
∆∆
#..[..#..'..#..+
∆∆
#..#####'#####'#
#..####..#...#.#
∆∆
#..#__####..##)#
#..#_____##K#_.+
#⌠⌠#_.∩...÷.(._#
####_..__##_@#+#
∆∆#_____###'#∆
∆∆∆∆ ####### #.#
∆ $.$ ∆∆ ∆∆ ∆
$.$ ##.## ∆#+#∆
∆∆∆∆∆


You could see Sonja.

Vanquished Creatures
  Sigmund (D)
  A yak (D)
  An ogre (D)
  A jelly (D)
  Ijyb (D)
5 creatures vanquished.

Notes
Turn   | Place    | Note
-------+----------+-------------------------------------------
     0 | D        | Brecoman the Gnoll Skald began the quest for the Orb.
     0 | D        | Reached XP level 1. HP: 20/20 MP: 6/6
     3 | D        | Noticed Ijyb
    18 | D        | Killed Ijyb
    18 | D        | Reached skill level 1 in Short Blades
    18 | D        | Reached skill level 1 in Long Blades
    18 | D        | Reached skill level 1 in Axes
    18 | D        | Reached skill level 1 in Maces & Flails
    18 | D        | Reached skill level 1 in Staves
    18 | D        | Reached skill level 1 in Slings
    18 | D        | Reached skill level 1 in Bows
    18 | D        | Reached skill level 1 in Crossbows
    18 | D        | Reached skill level 1 in Throwing
    18 | D        | Reached skill level 1 in Stealth
    18 | D        | Reached skill level 1 in Shields
    18 | D        | Reached skill level 1 in Unarmed Combat
    18 | D        | Reached skill level 5 in Spellcasting
    18 | D        | Reached skill level 1 in Conjurations
    18 | D        | Reached skill level 1 in Hexes
    18 | D        | Reached skill level 1 in Summonings
    18 | D        | Reached skill level 1 in Necromancy
    18 | D        | Reached skill level 1 in Translocations
    18 | D        | Reached skill level 1 in Transmutations
    18 | D        | Reached skill level 1 in Fire Magic
    18 | D        | Reached skill level 1 in Ice Magic
    18 | D        | Reached skill level 1 in Air Magic
    18 | D        | Reached skill level 1 in Earth Magic
    18 | D        | Reached skill level 1 in Poison Magic
    18 | D        | Reached skill level 1 in Invocations
    18 | D        | Reached skill level 1 in Evocations
    18 | D        | Reached XP level 2. HP: 25/26 MP: 2/8
    18 | D        | Reached XP level 3. HP: 31/32 MP: 2/9
    81 | D        | Noticed an ogre
    89 | D        | Killed an ogre
    89 | D        | Reached skill level 5 in Fighting
    89 | D        | Reached skill level 5 in Polearms
    89 | D        | Reached skill level 5 in Dodging
    89 | D        | Reached XP level 4. HP: 39/39 MP: 2/11
   158 | D        | Noticed Sigmund
   170 | D        | Killed Sigmund
   170 | D        | Reached skill level 5 in Armour
   170 | D        | Reached skill level 6 in Spellcasting
   170 | D        | Reached XP level 5. HP: 46/46 MP: 7/14
   170 | D        | Reached XP level 6. HP: 52/52 MP: 7/15
   251 | D        | Found an ornate altar of the Wu Jian Council.
   251 | D        | Found a deep blue altar of Sif Muna.
   253 | D        | Found a radiant altar of Vehumet.
   310 | D        | Found Jiumn's Magic Scroll Emporium.
   310 | D        | Found an ancient bone altar of Kikubaaqudgha.
   310 | D        | Found a hazy altar of Hepliaklqana.
   310 | D        | Found a stormy altar of Qazlal.
   310 | D        | Found a hide-covered altar of Uskayaw.
   310 | D        | Found a blossoming altar of Fedhas.
   310 | D        | Found a bloodstained altar of Trog.
   310 | D        | Found an iron altar of Okawaru.
   310 | D        | Found a basalt altar of Yredelemnul.
   310 | D        | Found a glowing golden altar of the Shining One.
   310 | D        | Found a snail-covered altar of Cheibriados.
   310 | D        | Found a sacrificial altar of Ru.
   310 | D        | Found a glowing silver altar of Zin.
   310 | D        | Found a shadowy altar of Dithmenos.
   310 | D        | Found a white marble altar of Elyvilon.
   310 | D        | Noticed a yak
   314 | D        | Killed a yak
   314 | D        | Reached skill level 5 in Short Blades
   314 | D        | Reached skill level 5 in Long Blades
   314 | D        | Reached skill level 5 in Axes
   314 | D        | Reached skill level 5 in Maces & Flails
   314 | D        | Reached skill level 5 in Staves
   314 | D        | Reached skill level 5 in Slings
   314 | D        | Reached skill level 5 in Bows
   314 | D        | Reached skill level 5 in Crossbows
   314 | D        | Reached skill level 5 in Throwing
   314 | D        | Reached skill level 5 in Stealth
   314 | D        | Reached skill level 5 in Shields
   314 | D        | Reached skill level 5 in Unarmed Combat
   314 | D        | Reached skill level 7 in Spellcasting
   314 | D        | Reached skill level 5 in Invocations
   314 | D        | Reached skill level 5 in Evocations
   314 | D        | Reached XP level 7. HP: 21/59 MP: 13/17
   511 | D        | Found an opulent altar of Gozag.
   514 | D        | Found a sparkling altar of Nemelex Xobeh.
   524 | D        | Became a worshipper of Warmaster Okawaru
   536 | D        | Noticed Sonja
   543 | D        | Succumbed to Sonja's curare-tipped needle

Skill      XL: |  1  2  3  4  5  6 |
---------------+-------------------+-----
Short Blades   | 1 3 4 5 |  5.0
Long Blades    | 1 3 4 5 |  5.0
Axes           | 1 3 4 5 |  5.0
Maces & Flails | 1 3 4 5 |  5.0
Staves         | 1 3 4 5 |  5.0
Slings         | 1 3 4 5 |  5.0
Bows           | 1 3 4 5 |  5.0
Crossbows      | 1 3 4 5 |  5.0
Throwing       | 1 3 4 5 |  5.0
Armour         | 3 4 5 |  5.7
Stealth        | 1 3 4 5 |  5.0
Shields        | 1 3 4 5 |  5.0
Unarmed Combat | 1 3 4 5 |  5.0
Spellcasting   | 5 6 7 |  7.1
Conjurations   | 1 2 3 4 |  4.1
Hexes          | 1 2 3 4 |  4.1
Summonings     | 1 2 3 4 |  4.1
Necromancy     | 1 2 3 4 |  4.1
Translocations | 1 2 3 4 |  4.1
Transmutations | 1 2 3 4 |  4.1
Fire Magic     | 1 2 3 4 |  4.1
Ice Magic      | 1 2 3 4 |  4.1
Air Magic      | 1 2 3 4 |  4.1
Earth Magic    | 1 2 3 4 |  4.1
Poison Magic   | 1 2 3 4 |  4.1
Invocations    | 1 3 4 5 |  5.5
Evocations     | 1 3 4 5 |  5.0
Fighting       | 5 6 |  6.8
Polearms       | 5 6 |  6.8
Dodging        | 5 6 |  6.8
Charms         | 6 |  6.9

Action                   |  1- 3 |  4- 6 |  7- 9 || total
-------------------------+-------+-------+-------++-------
Melee: Spear             |    22 |    11 |       ||    33
       Bite              |     1 |       |       ||     1
       Scythe            |       |     6 |     3 ||     9
 Cast: Infusion          |     2 |     4 |       ||     6
 Stab: Sleeping          |     1 |     1 |       ||     2
Armor: Leather armour    |     1 |       |       ||     1
Dodge: Dodged            |    12 |     7 |     3 ||    22
